 Dungeon Crawl Stone Soup version 0.17-a0-2231-gd80ca38 (webtiles) character file.

161 Oddball22 the Insei (level 5, -4/37 HPs)
             Began as a Demonspawn Transmuter on Oct 28, 2015.
             Slain by a wyvern (12 damage)
             ... on level 3 of the Dungeon.
             The game lasted 00:07:58 (2889 turns).

Oddball22 the Insei (Demonspawn Transmuter)         Turns: 2889, Time: 00:07:58

Health: -4/37      AC:  2    Str: 10    XL:     5   Next: 18%
Magic:  4/8        EV: 21    Int: 15    God:
Gold:   64         SH:  0    Dex: 19    Spells: 3 memorised, 2 levels left

rFire  + . .     SeeInvis .       - Unarmed
rCold  . . .     Clarity  .     (armour currently unavailable)
rNeg   + . .     SustAt   +     (shield currently unavailable)
rPois  x         Gourm    .     (helmet currently unavailable)
rElec  .         Spirit   .     (cloak currently unavailable)
rCorr  .         Warding  +     (gloves currently unavailable)
rMut   .         Stasis   .     (boots currently unavailable)
MR     .....                    f - amulet of warding
Stlth  ++........               s - ring of sustain attributes
                                g - ring of protection from fire

@: spider-form (expiring), not resistant to hostile enchantments, unstealthy
A: (claws 0), demonic guardian 1, (spiny 0)
a: End Transformation


You were on level 3 of the Dungeon.
You were not hungry.
You were a venomous arachnid creature.
You visited 1 branch of the dungeon, and saw 3 of its levels.

You collected 64 gold pieces.

Inventory:

Hand Weapons
 p - a +3 quarterstaff of chaos
Missiles
 a - 30 arrows
Armour
 b - a +0 robe (melded)
 q - a +0 cloak (melded)
Jewellery
 f - an amulet of warding (around neck)
 g - a ring of protection from fire (left front leg)
 s - a ring of sustain attributes (right front leg)
Scrolls
 h - 2 scrolls of remove curse {unknown}
 k - a scroll of immolation {unknown}
 m - a scroll of random uselessness {unknown}
 n - a scroll of magic mapping {unknown}
Potions
 e - 2 potions of curing
 i - a potion of poison {unknown}
 j - 3 potions of heal wounds {unknown}
 l - a potion of might {unknown}
 o - a potion of cancellation {unknown}
 r - a potion of mutation {unknown}
Books
 c - a book of Changes

   Spells                             Type                      Level
   a - Beastly Appendage              Transmutation                1
   b - Sticks to Snakes               Transmutation                2
   c - Spider Form                    Transmutation/Poison         3
   d - Ice Form                       Ice/Transmutation            4
   e - Blade Hands                    Transmutation                5
Comestibles
 d - a bread ration
 t - 2 chunks of flesh


   Skills:
 - Level 1.0 Fighting
 + Level 2.9 Dodging
 * Level 4.2 Unarmed Combat
 - Level 2.0 Spellcasting
 + Level 2.7 Transmutations


You had 2 spell levels left.
You knew the following spells:

 Your Spells              Type           Power        Failure   Level  Hunger
a - Beastly Appendage     Trmt           #.....       24%         1    #......
b - Sticks to Snakes      Trmt           #.........   28%         2    ###....
c - Spider Form           Trmt/Pois      #.........   65%         3    ###....


Dungeon Overview and Level Annotations

Branches:
Dungeon (3/15)

Altars:


Innate Abilities, Weirdness & Mutations

((You have very sharp fingernails.))
A weak demonic guardian rushes to your aid.
((You are partially covered in sharp spines.))


Message History

The wyvern bites your quasit!
Your quasit dies!
Casting: Spider Form
Confirm with . or Enter, or press ? or * to list all spells.
You turn into a venomous arachnid creature.
Your +0 cloak melds into your body.
Your +0 robe melds into your body.
Your transformation is almost over.
Found 14 poisoned needles.
You hit the quokka.
The quokka is poisoned.
The quokka is moderately wounded.
The quokka misses you. The wyvern bites you!!
* * * LOW HITPOINT WARNING * * *
The quokka closely misses you. The quokka misses you.
Drink which item? (? for menu, Esc to quit)
It was a potion of curing.
You feel better. The wyvern misses you. The wyvern misses you.
The quokka closely misses you.
You hit the wyvern.
The wyvern is almost dead.
The wyvern bites you!
You die...

....# .....########
##### ............#
##...## ............#
##.....## ............#
#.......#
............####...<.##
.(..........#.......##
....(..s....#...#####
.......rl..#...#
......###.....#
.......##.....# #####
.............####....
.............##.....##
.....................#
.......).............#
.......#.....#.....#


You could see a wyvern and a quokka.

Vanquished Creatures
  Crazy Yiuf (D:2)
  Ijyb (D:3)
  3 adders
  4 gnolls
  2 worms (D:2)
  A giant gecko (D:1)
  3 orcs (D:3)
  3 bats (D:2)
  2 giant cockroaches
  7 goblins
  6 hobgoblins
  A quokka (D:3)
  A ball python (D:2)
  2 giant newts
  3 kobolds
  7 rats
47 creatures vanquished.

Notes
Turn   | Place    | Note
--------------------------------------------------------------
     0 | D:1      | Oddball22 the Demonspawn Transmuter began the quest for the Orb.
     0 | D:1      | Reached XP level 1. HP: 15/15 MP: 3/3
   411 | D:1      | Reached skill level 3 in Unarmed Combat
   411 | D:1      | Gained mutation: You have sharp fingernails. [demonic ancestry]
   411 | D:1      | Reached XP level 2. HP: 9/21 MP: 3/5
  1066 | D:2      | Gained mutation: You are partially covered in sharp spines. [demonic ancestry]
  1066 | D:2      | Reached XP level 3. HP: 22/26 MP: 4/6
  1310 | D:2      | Gained mutation: A weak demonic guardian rushes to your aid. [demonic ancestry]
  1310 | D:2      | Reached XP level 4. HP: 17/32 MP: 7/7
  1476 | D:2      | Noticed Ijyb
  1718 | D:2      | Learned a level 2 spell: Sticks to Snakes
  1722 | D:2      | Learned a level 3 spell: Spider Form
  1737 | D:2      | Noticed Crazy Yiuf
  1793 | D:2      | Killed Crazy Yiuf
  2571 | D:3      | Reached skill level 4 in Unarmed Combat
  2735 | D:3      | Killed Ijyb
  2735 | D:3      | Gained mutation: You have very sharp fingernails. [demonic ancestry]
  2735 | D:3      | Reached XP level 5. HP: 23/37 MP: 8/8
  2845 | D:3      | Noticed a wyvern
  2886 | D:3      | HP: 1/37 [wyvern (18)]
  2889 | D:3      | Slain by a wyvern

Vault maps used:
D:1:      lightli_arrival_boilingwater, serial_park_tiny_pond,
          serial_bayou_pond_a
D:2:      uniq_crazy_yiuf_cottage, uniq_iyjb

Action                   |  1- 3 |  4- 6 || total
-------------------------+-------+-------++-------
Melee: Unarmed           |    71 |    52 ||   123
 Cast: Beastly Appendage |    10 |     6 ||    16
       Spider Form       |       |     3 ||     3
  Use: Potion            |       |     1 ||     1
 Stab: Sleeping          |       |     2 ||     2
  Eat: Chunk             |     1 |     6 ||     7
